 Dungeon Crawl Stone Soup version 0.22-a0-162-g33bf127 (webtiles) character file.

64410 GameOver the Cleaver (level 15, -9/123 HPs)
             Began as a Naga Wizard on Feb 11, 2018.
             Was a High Priest of Cheibriados.
             Killed from afar by a ynoxinul (24 damage)
             ... with an iron shot
             ... summoned by an orc high priest
             ... while paralysed by an orc sorcerer
             ... on level 2 of the Orcish Mines on Feb 12, 2018.
             The game lasted 03:15:45 (13040 turns).

GameOver the Cleaver (Naga Wizard)                 Turns: 13040, Time: 03:15:47

Health: -9/123     AC: 12    Str: 22    XL:     15   Next: 12%
Magic:  0/30       EV:  1    Int: 37    God:    Cheibriados [*****.]
Gold:   1243       SH:  0    Dex: 24    Spells: 3/20 levels left

rFire    + . .     SeeInvis +   w - +3 broad axe (flame)
rCold    . . .     Gourm    .   o - +0 buckler
rNeg     . . .     Faith    .   D - +0 troll leather armour
rPois    +         Spirit   +   T - +2 helmet
rElec    .         Reflect  .   (no cloak)
rCorr    .         Harm     .   A - +1 pair of gloves
MR       +....                  (no barding)
Stlth    ++++......             u - amulet of guardian spirit
HPRegen  0.70/turn              k - ring of magical power
MPRegen  0.22/turn              v - ring of protection from fire

@: paralysed, drained, very slow
A: large, see invisible, deformed body, poison resistance, slowness 2, slow
metabolism 1, spit poison 1, constrict 1, AC +5
a: Spit Poison, Bend Time, Temporal Distortion, Slouch, Step From Time, Renounce
Religion


You were on level 2 of the Orcish Mines.
You worshipped Cheibriados.
Cheibriados was extremely pleased with you.
You were not hungry.

You visited 3 branches of the dungeon, and saw 17 of its levels.
You also visited: Labyrinth, Sewer and Bailey.

You collected 1825 gold pieces.
You spent 582 gold pieces at shops.

Inventory:

Hand Weapons
 c - a cursed +0 arbalest
 f - a +0 bardiche
 q - a +0 hand crossbow
 w - a +3 broad axe of flaming (weapon)
Missiles
 m - 339 bolts
 V - 7 javelins of penetration (quivered)
Armour
 e - a +0 shield
 o - a +0 buckler (worn)
 A - a +1 pair of gloves (worn)
 D - a +0 troll leather armour (worn)
 T - a +2 helmet (worn)
Magical Staves
 Z - an uncursed staff of cold
Jewellery
 b - the amulet of Pigyme {Harm *Drain +Inv SInv, unknown}
   (You took it off a minotaur in a labyrinth)

   [amulet of harm]

   It increases damage dealt and taken.
   It lets you see invisible.
   It lets you turn invisible.
   It causes draining when unequipped.
 k - a ring of magical power (left hand)
 u - an amulet of guardian spirit (around neck)
 v - a ring of protection from fire (right hand)
 y - an uncursed amulet of harm
 Q - an uncursed ring of resist corrosion
Wands
 a - a wand of scattershot (3)
 h - a wand of acid (14)
 i - a wand of digging (20)
 X - a wand of clouds (4)
Scrolls
 j - 3 scrolls of enchant weapon
 p - 6 scrolls of teleportation
 s - a scroll of summoning {unknown}
 t - a scroll of vulnerability {unknown}
 B - a scroll of fear
 E - a scroll of magic mapping
 G - 4 scrolls of blinking
 I - 2 scrolls of amnesia
 K - a scroll of fog {unknown}
 M - a scroll of silence {unknown}
 R - a scroll of brand weapon
 Y - 3 scrolls of remove curse
Potions
 l - 2 potions of curing
 x - a potion of cancellation
 H - 2 potions of agility
 J - 2 potions of flight
 L - a potion of magic
 O - 3 potions of ambrosia
 S - 3 potions of mutation
 W - 2 potions of brilliance
Books
 n - Zazxu's Incunabulum of Twisted Contamination
   (You found it in a labyrinth)

   Spells                             Type                      Level
   a - Corpse Rot                     Necromancy                   2
   b - Animate Dead                   Necromancy                   4
   c - Olgreb's Toxic Radiance        Poison                       4
   d - Dispel Undead                  Necromancy                   5
   e - Alistair's Intoxication        Transmutation/Poison         5
 r - the Catalogue of Feathery Evil
   (You found it in a bailey)

   Spells                             Type                      Level
   a - Swiftness                      Charms/Air                   2
   b - Sublimation of Blood           Necromancy                   2
   c - Vampiric Draining              Necromancy                   3
   d - Silence                        Hexes/Air                    5
   e - Death Channel                  Necromancy                   6
 C - a book of Enchantments

   Spells                             Type                      Level
   a - Cause Fear                     Hexes                        4
   b - Yara's Violent Unravelling     Hexes/Transmutation          5
   c - Silence                        Hexes/Air                    5
   d - Deflect Missiles               Charms/Air                   6
   e - Discord                        Hexes                        8
 N - a book of Death

   Spells                             Type                      Level
   a - Corpse Rot                     Necromancy                   2
   b - Sublimation of Blood           Necromancy                   2
   c - Agony                          Necromancy                   5
   d - Dispel Undead                  Necromancy                   5
   e - Excruciating Wounds            Charms/Necromancy            5
   f - Bolt of Draining               Conjuration/Necromancy       5
Miscellaneous
 g - a crystal ball of energy
 z - a lightning rod (3/4)
Comestibles
 d - 33 rations


   Skills:
 - Level 5.0(4.4) Fighting
 * Level 14.9 Axes
   Level 9.0(12.3) Maces & Flails
 - Level 4.5(4.0) Crossbows
 + Level 3.9(3.4) Armour
 - Level 5.0(4.5) Dodging
 - Level 8.2(7.6) Stealth
 - Level 5.0(4.4) Shields
 - Level 3.0(2.4) Spellcasting
 - Level 5.5(4.9) Conjurations
 - Level 0.1(0.0) Charms
 - Level 2.0(1.4) Summonings
 - Level 4.9(4.3) Necromancy
 - Level 2.3(1.8) Translocations
 - Level 4.0(3.4) Air Magic
 - Level 4.5(4.0) Poison Magic
 - Level 8.0(7.4) Invocations
 - Level 1.0(0.5) Evocations


You had 3 spell levels left.
You knew the following spells:

 Your Spells              Type           Power        Failure   Level  Hunger
a - Magic Dart            Conj           ####         1%          1    None
b - Blink                 Tloc           N/A          3%          2    #......
c - Call Imp              Summ           ###.....     4%          2    #......
d - Mephitic Cloud        Conj/Pois/Air  #####...     3%          3    ##.....
e - Regeneration          Chrm/Necr      ###.......   7%          3    ##.....
f - Deflect Missiles      Chrm/Air       ###.......   99%         6    #######


Dungeon Overview and Level Annotations

Branches:
Dungeon (9/15)             Temple (0/1) D:6            Lair (6/6) D:8
  Swamp (0/4) Lair:2       Spider (0/4) Lair:4          Orc (2/2) D:9
    Elf (0/3) Orc:2
  Slime: Lair:5-6

Altars:
Ashenzari
Cheibriados
Kikubaaqudgha
Qazlal
Trog
Wu Jian
Zin

Shops:
D:6 !%(   D:9 ([*![

Annotations:
Lair:4 exclusion: oklob plant


Innate Abilities, Weirdness & Mutations

You cannot wear boots.
Your serpentine skin is tough. (AC +5)
You have supernaturally acute eyesight. (SInv)
Armour fits poorly on your strangely shaped body.
Your system is resistant to poisons. (rPois)
You cover ground very slowly.
You have a slow metabolism.
You can spit poison.
You can use your snake-like lower body to constrict enemies.


Message History

The ice devil hits you. The ice devil freezes you!!
You have got your breath back.
The orc high priest says, "All sinners must die."
The orc sorcerer hits you but does no damage.
The orange demon stings you from afar. The ice devil hits you.
The ice devil freezes you!
The ynoxinul gestures.
The orc high priest hits you but does no damage.
The ufetubus hits you but does no damage.
The ufetubus hits you. The orange demon barely misses you.
The orc sorcerer casts a spell at you. The bolt of negative energy hits you!
You feel drained.
* * * LOW HITPOINT WARNING * * *
The ice devil hits you.
* * * LOW HITPOINT WARNING * * *
The ice devil freezes you!
* * * LOW HITPOINT WARNING * * *
The ynoxinul gestures at you. The iron shot hits you!
You die...

*,,,,,,,,,,,,*,,,,,,,,*,*
*#.........(.....#....#.*
**........(....(...#....,,
*,....................(.,,
*,.....................,,,
**.......5........^...#,..
*,......5.5....(..o3#.##..
*,......5o3............##.
**.......@44..()..........
*,.....#5.o...............
**......#.#.....รท.........
*#,#...........#).#.#....
**,..#.......(..#)..#.....
*,.............(##)##..)..
*,.,.............#........
*,,.........#...#..)......
**,,....#....#...#))((....


You could see an orc high priest, an orange demon, an ice devil, a ynoxinul, an
orc sorcerer and 5 ufetubi.

Vanquished Creatures
  Gastronok (Lair:2)
  The ghost of kegs the Severer, a journeyman HOFi of Okawaru (Orc:2)
  2 orc warlords
  A minotaur (Lab)
  Snorg (Lair:4)
  2 hydras
  A catoblepas (Lair:2)
  Erica (Lair:2)
  2 two-headed ogres (D:8)
  2 orc high priests (Orc:2)
  7 orc knights
  An ugly thing (D:9)
  3 orc sorcerers (Orc:2)
  A deep elf mage (D:8)
  5 elephants (Lair:6)
  A black mamba (Lair:5)
  A gargoyle (D:9)
  8 spiny frogs
  Psyche (D:8)
  A rime drake (Lair:4)
  4 komodo dragons
  A jumping spider (Lair:4)
  4 trolls
  6 hippogriffs
  A hornet (D:9)
  7 dream sheep (Lair:4)
  8 blink frogs
  4 redbacks (Lair:4)
  2 spriggans
  2 wyverns
  19 yaks
  A basilisk (Lair:4)
  Edmund (D:5)
  4 wargs
  13 water moccasins
  10 porcupines
  2 phantoms
  A sky beast (D:8)
  39 orc warriors
  15 ogres
  3 wolves (Lair:2)
  2 centaurs
  6 crocodiles
  2 big kobolds (Sewer)
  13 bullfrogs
  A water moccasin zombie (D:8)
  A wyvern skeleton (D:7)
  4 scorpions
  4 killer bees (D:9)
  4 wights (D:8)
  4 howler monkeys
  2 crimson imps
  A bullfrog zombie (D:8)
  3 hounds
  2 centaur skeletons
  31 orc priests
  25 orc wizards
  A bullfrog skeleton (D:5)
  Ijyb (D:3)
  2 iguanas
  Natasha (thrice) (D:2)
  2 worker ants
  A killer bee zombie (D:6)
  A hound zombie (D:7)
  A worker ant zombie (D:5)
  11 adders
  2 gnolls (D:7)
  3 river rats
  2 howler monkey skeletons
  2 shadow imps
  3 oozes
  An adder zombie (D:4)
  4 worms
  3 leopard geckos
  115 orcs
  7 bats
  3 bat zombies (D:9)
  2 giant cockroaches
  15 goblins
  9 hobgoblins
  5 quokkas
  7 ball pythons (Sewer)
  2 frilled lizards
  11 kobolds
  A leopard gecko skeleton (D:4)
  A quokka skeleton (D:6)
  18 rats
  3 rat zombies (D:9)
  A fungus (Lair:4)
  A plant (Lair:5)
539 creatures vanquished.

Vanquished Creatures (collateral kills)
  An ice beast (D:6)
  A wight (D:8)
  2 orcs
4 creatures vanquished.

Vanquished Creatures (others)
  2 fungi (Lair:2)
  10 plants
12 creatures vanquished.

Grand Total: 555 creatures vanquished

Notes
Turn   | Place    | Note
-------+----------+-------------------------------------------
     0 | D:1      | GameOver the Naga Wizard began the quest for the Orb.
     0 | D:1      | Reached XP level 1. HP: 15/15 MP: 4/4
   134 | D:1      | Reached XP level 2. HP: 9/22 MP: 1/6
   522 | D:1      | HP: 1/22 [ooze (4)]
   628 | D:2      | Noticed Natasha
   634 | D:2      | Killed Natasha
   634 | D:2      | Reached XP level 3. HP: 13/28 MP: 0/7
   756 | D:2      | Reached XP level 4. HP: 36/36 MP: 8/8
   886 | D:2      | Noticed Natasha
   893 | D:2      | Killed Natasha
   909 | D:2      | Noticed Natasha
   915 | D:2      | Killed Natasha
   915 | D:2      | Reached skill level 5 in Stealth
   915 | D:2      | Reached XP level 5. HP: 41/42 MP: 5/9
   919 | D:2      | Learned a level 2 spell: Blink
   922 | D:2      | Learned a level 2 spell: Call Imp
   926 | D:2      | Learned a level 3 spell: Mephitic Cloud
   980 | D:2      | Noticed a moth of wrath
   983 | D:2      | Found a bloodstained altar of Trog.
  1081 | D:2      | Found an ornate altar of the Wu Jian Council.
  1152 | D:3      | Found a snail-covered altar of Cheibriados.
  1171 | D:3      | Became a worshipper of Cheibriados the Contemplative
  1370 | D:3      | Reached skill level 1 in Air Magic
  1414 | D:3      | Reached * piety under Cheibriados
  1494 | D:3      | Noticed Ijyb
  1501 | D:3      | Killed Ijyb
  1501 | D:3      | Reached skill level 1 in Poison Magic
  1620 | D:3      | Reached XP level 6. HP: 33/49 MP: 10/10
  1768 | D:3      | Found a faded altar of an unknown god.
  2504 | D:4      | Found a glowing silver altar of Zin.
  2506 | D:4      | Found a shattered altar of Ashenzari.
  2539 | D:5      | Entered Level 5 of the Dungeon
  2857 | D:5      | Noticed Edmund
  2884 | D:5      | Killed Edmund
  2884 | D:5      | Reached XP level 7. HP: 47/55 MP: 11/11
  2911 | D:5      | Reached ** piety under Cheibriados
  3031 | D:5      | Learned a level 3 spell: Regeneration
  3359 | D:6      | Found a glowing drain.
  3381 | Sewer    | Entered a sewer
  3432 | Sewer    | Reached skill level 5 in Conjurations
  3515 | Sewer    | Reached *** piety under Cheibriados
  3705 | D:6      | Reached XP level 8. HP: 59/62 MP: 12/12
  3830 | D:6      | Found a staircase to the Ecumenical Temple.
  3886 | D:6      | Found Qioshresh's Food Shop.
  3944 | D:6      | Reached skill level 1 in Invocations
  4078 | D:6      | Reached skill level 1 in Maces & Flails
  4114 | D:6      | Reached skill level 1 in Fighting
  4114 | D:6      | Reached skill level 1 in Necromancy
  4114 | D:6      | Reached skill level 1 in Evocations
  4139 | D:6      | Found Itueraibb's Weapon Boutique.
  4148 | D:6      | Bought a +2 broad axe of flaming for 192 gold pieces
  4280 | D:6      | Reached skill level 1 in Axes
  4361 | D:6      | Reached **** piety under Cheibriados
  4394 | D:6      | Found Xavor's Distillery.
  4397 | D:6      | Bought a potion of ambrosia for 104 gold pieces
  4397 | D:6      | Bought a potion of might for 52 gold pieces
  4783 | D:7      | Reached XP level 9. HP: 47/73 MP: 10/13
  4792 | D:7      | Reached skill level 1 in Shields
  4799 | D:7      | Reached skill level 2 in Axes
  5317 | D:7      | Reached skill level 3 in Axes
  5436 | D:8      | Noticed a two-headed ogre
  5443 | D:8      | Killed a two-headed ogre
  5443 | D:8      | Reached ***** piety under Cheibriados
  5443 | D:8      | Reached skill level 4 in Axes
  5443 | D:8      | Reached skill level 5 in Invocations
  5503 | D:8      | Found a staircase to the Lair.
  5540 | D:8      | Found a stormy altar of Qazlal.
  5583 | D:8      | Reached XP level 10. HP: 78/84 MP: 13/14
  5691 | D:8      | Noticed Psyche
  5723 | D:8      | Killed Psyche
  5723 | D:8      | Reached skill level 5 in Axes
  6196 | D:8      | Noticed a two-headed ogre
  6213 | D:8      | Killed a two-headed ogre
  6245 | D:8      | Got a shadowed robe
  6256 | D:8      | Identified the +2 robe of the Shining Light {rPois rN+ Int-4 SInv} (You found it on level 8 of the Dungeon)
  6291 | D:8      | Noticed a deep elf mage
  6305 | D:8      | Killed a deep elf mage
  6354 | D:9      | Noticed a gargoyle
  6405 | D:9      | Reached skill level 6 in Axes
  6511 | D:9      | Found Nizer's Armour Shoppe.
  6556 | D:9      | Found Ybba Rei's Distillery.
  6587 | D:9      | Killed a gargoyle
  6587 | D:9      | Reached XP level 11. HP: 93/93 MP: 14/16
  6638 | D:9      | Reached ****** piety under Cheibriados
  6673 | D:9      | Reached skill level 5 in Fighting
  6682 | D:9      | Reached skill level 7 in Axes
  6690 | D:9      | Found Momus's Antique Weapon Shop.
  6696 | D:9      | Paralysed by a hornet for 2 turns
  6766 | D:9      | Noticed a cyan ugly thing
  6785 | D:9      | Found Gacy's Armour Boutique.
  6789 | D:9      | Killed a cyan ugly thing
  6957 | D:9      | Found Obublopn's General Store.
  7017 | D:9      | Found an ancient bone altar of Kikubaaqudgha.
  7130 | D:9      | Found a staircase to the Orcish Mines.
  7255 | Lair:1   | Entered Level 1 of the Lair of Beasts
  7329 | Lair:1   | Noticed a six-headed hydra
  7337 | Lair:1   | Killed a two-headed hydra
  7436 | Lair:1   | Reached skill level 5 in Maces & Flails
  8246 | Lair:2   | Found a staircase to the Swamp.
  8254 | Lair:2   | Noticed Gastronok
  8291 | Lair:2   | Killed Gastronok
  8291 | Lair:2   | Reached skill level 8 in Axes
  8291 | Lair:2   | Reached XP level 12. HP: 77/103 MP: 5/18
  8410 | Lair:2   | Upgraded the game from 0.22-a0-161-g198051c to 0.22-a0-162-g33bf127
  8446 | Lair:2   | Reached skill level 9 in Axes
  8488 | Lair:2   | Noticed Erica
  8500 | Lair:2   | Noticed a catoblepas
  8502 | Lair:2   | Killed Erica
  8509 | Lair:2   | Killed a catoblepas
  8740 | Lair:3   | Got a translucent plate armour
  8775 | Lair:3   | Reached skill level 10 in Axes
  8819 | Lair:3   | Reached skill level 1 in Crossbows
  9282 | Lair:4   | Noticed Snorg
  9291 | Lair:4   | Killed Snorg
  9655 | Lair:4   | Reached skill level 11 in Axes
  9702 | Lair:4   | Gained mutation: You can use your snake-like lower body to constrict enemies. [Naga growth]
  9702 | Lair:4   | Reached XP level 13. HP: 82/109 MP: 19/19
  9933 | Lair:4   | Found a hole to the Spider Nest.
 10284 | Lair:5   | Learned a level 6 spell: Deflect Missiles
 10434 | Lair:6   | Entered Level 6 of the Lair of Beasts
 10725 | D:6      | Bought a potion of resistance for 130 gold pieces
 10725 | D:6      | Bought 2 potions of brilliance for 104 gold pieces
 10801 | Orc:1    | Entered Level 1 of the Orcish Mines
 10815 | Orc:1    | Reached skill level 12 in Axes
 10930 | Orc:1    | Found a flagged portal.
 10938 | Bailey   | Entered a bailey
 11313 | Bailey   | Reached skill level 13 in Axes
 11313 | Bailey   | Reached XP level 14. HP: 117/117 MP: 20/20
 11328 | Bailey   | Identified the Catalogue of Feathery Evil
 11402 | Orc:1    | Reached skill level 1 in Armour
 11654 | Orc:1    | Noticed an orc warlord
 11673 | Orc:1    | Killed an orc warlord
 11673 | Orc:1    | Reached skill level 5 in Dodging
 11856 | Orc:2    | Entered Level 2 of the Orcish Mines
 11869 | Orc:2    | Found a staircase to the Elven Halls.
 11932 | Orc:2    | Reached skill level 14 in Axes
 11963 | Orc:2    | Found a labyrinth entrance.
 11978 | Lab      | Entered a labyrinth
 12218 | Lab      | Noticed a minotaur
 12227 | Lab      | Killed a minotaur
 12227 | Lab      | Reached skill level 5 in Shields
 12230 | Lab      | Got a slimy platinum amulet
 12239 | Lab      | Identified Zazxu's Incunabulum of Twisted Contamination
 12241 | Lab      | Got a polished dagger
 12245 | Orc:2    | Identified the +1 dagger "Vyakesm" {drain, rC+ Dex+6} (You found it in a labyrinth)
 12479 | Orc:2    | Noticed an orc warlord
 12493 | Orc:2    | Killed an orc warlord
 12616 | Orc:2    | Paralysed by an orc sorcerer for 6 turns
 12729 | Orc:2    | Reached XP level 15. HP: 104/123 MP: 21/21
 12815 | Orc:2    | Noticed kegs's ghost (journeyman HOFi)
 12915 | Orc:2    | HP: 5/123 [sun demon[an orc high priest] (3)]
 12939 | Orc:2    | Killed kegs's ghost
 13035 | Orc:2    | Paralysed by an orc sorcerer for 6 turns
 13040 | Orc:2    | Killed from afar by a ynoxinul

Vault maps used:
D:1:      giann_wishing_wells, grunt_decor_one_mirror
D:2:      old_standard_altar, tgw_trog, uniq_natasha
D:3:      kennysheep_the_goblin_king, cheibriados_altar_1, first_ration,
          chequers_ecumenical_altar_lobes, minmay_misc_feat_plants
D:4:      nicolae_overflow_hidden_temple, st_stairs_5
D:5:      uniq_edmund
D:6:      minmay_temple_entry_statues_fountains, portal_sewer_entry_b,
          serial_shops, shop, shop, shop_statue
D:7:      the_bakery, sigmund_army
D:8:      grunt_qazlal_clouds, dpeg_oklobed_lair, guppyfry_early_elven_hall,
          uniq_psyche
D:9:      lemuel_zombie_altar_kikubaaqudgha, hiddenorc2_lemuel, serial_shops,
          nicolae_shop_waterfront, shop, shop, kennysheep_little_box,
          nicolae_shop_behind_doors, special_room
Lair:2:   swamp_mist_pool, uniq_erica, uniq_gastronok
Lair:3:   minivault_11, st_stairs_13, lemuel_fruit_tree
Lair:4:   spider_nest_entry_a, minmay_lair_oklob_chamber, uniq_snorg
Lair:5:   grunt_forest_large_clearing_hut, serial_bayou_shore_a
Lair:6:   guppyfry_lair_end_dragon, wormcave, slime_altar_1, st_stairs_8,
          bh_autumn_forest_stairs, worms_lemuel
Orc:1:    enter_bailey_3
Orc:2:    st_orc_elflike, lab_entry_generic
Lab:      labyrinth_spiral, lab_block, labyrinth_skeletal_remains,
          nicolae_lab_stuck, nicolae_lab_hexagon
Sewer:    sewer_co_15_rooms
Bailey:   bailey_polearm_2, bailey

Skill      XL: |  1  2  3  4  5  6  7  8  9 10 11 12 13 14 |
---------------+-------------------------------------------+-----
Conjurations   | 2 3 4 5 |  5.5
Stealth        | 4 5 6 7 8 |  8.2
Air Magic      | 1 3 4 |  4.0
Poison Magic   | 1 2 3 4 |  4.5
Translocations | 2 |  2.3
Invocations    | 3 5 7 8 |  8.0
Maces & Flails | 1 8 9 |  9.0
Fighting       | 1 3 4 5 |  5.0
Necromancy     | 1 3 4 |  4.9
Evocations     | 1 |  1.0
Axes           | 1 4 6 8 11 13 14 | 14.9
Summonings     | 2 |  2.0
Shields        | 2 3 4 5 |  5.0
Crossbows      | 3 4 |  4.5
Dodging        | 3 4 5 |  5.0
Armour         | 3 |  3.9
Spellcasting   | |  3.0
Charms         | |  0.1

Action                   |  1- 3 |  4- 6 |  7- 9 | 10-12 | 13-15 || total
-------------------------+-------+-------+-------+-------+-------++-------
Melee: Short sword       |     8 |    18 |       |       |       ||    26
       Dagger            |       |    21 |    24 |       |       ||    45
       Falchion          |       |       |     4 |       |       ||     4
       Dire flail        |       |       |    40 |       |       ||    40
       Broad axe         |       |       |    60 |   251 |   258 ||   569
       Whip              |       |       |       |   144 |       ||   144
       Constrict         |       |       |       |       |    60 ||    60
 Fire: Hand crossbow     |       |       |       |       |   118 ||   118
 Cast: Magic Dart        |    35 |   124 |   191 |   263 |   114 ||   727
       Mephitic Cloud    |       |     1 |    12 |    33 |     4 ||    50
       Call Imp          |       |       |     4 |    10 |     5 ||    19
       Regeneration      |       |       |     2 |    40 |    32 ||    74
       Blink             |       |       |     1 |     9 |    15 ||    25
Invok: Bend Time         |       |       |     1 |     8 |     7 ||    16
       Slouch            |       |       |       |     4 |     8 ||    12
 Abil: Spit Poison       |    16 |    42 |    49 |   102 |    55 ||   264
Evoke: Wand              |       |       |     3 |    33 |       ||    36
       Lightning rod     |       |       |       |     3 |     2 ||     5
  Use: Potion            |       |     2 |     2 |     3 |    19 ||    26
       Scroll            |       |     1 |     7 |     7 |    10 ||    25
 Stab: Sleeping          |       |     5 |     3 |     6 |    15 ||    29
       Confused          |       |       |     3 |    22 |     4 ||    29
       Distracted        |       |       |       |     1 |       ||     1
  Eat: Chunk             |       |     6 |     7 |    19 |     8 ||    40
       Ration            |       |       |     1 |     1 |     2 ||     4
Armor: Robe              |     1 |    13 |    28 |    86 |     9 ||   137
       Skin              |       |    22 |       |     9 |    80 ||   111
       Leather armour    |       |       |    18 |     4 |       ||    22
       Troll leather arm |       |       |       |       |    41 ||    41
Dodge: Dodged            |     7 |    31 |    71 |   117 |   100 ||   326
Block: Buckler           |       |       |    10 |    84 |   105 ||   199
       Rpst.: Falchion   |       |       |     2 |       |       ||     2

Table legend:
 A = Spawn XP
 B = Non-spawn XP
 C = Spawn XP percentage of total XP
 D = Spawn monster count
 E = Non-spawn monster count
 F = Spawn count percentage of total count
 G = Total turns spent on level
                    A         B        C        D         E        F      G
               +---------+---------+-------+---------+---------+-------+---------
         Total |       0 |   64554 |   0.0 |       0 |     541 |   0.0 | 13040
               +---------+---------+-------+---------+---------+-------+---------
           D:1 |       0 |      26 |   0.0 |       0 |      14 |   0.0 |   593
           D:2 |       0 |     173 |   0.0 |       0 |      25 |   0.0 |   559
           D:3 |       0 |     199 |   0.0 |       0 |      31 |   0.0 |   717
           D:4 |       0 |     132 |   0.0 |       0 |       8 |   0.0 |   672
           D:5 |       0 |     301 |   0.0 |       0 |       9 |   0.0 |   773
           D:6 |       0 |    1189 |   0.0 |       0 |      32 |   0.0 |  1148
           D:7 |       0 |    1105 |   0.0 |       0 |      25 |   0.0 |   718
           D:8 |       0 |    4077 |   0.0 |       0 |      32 |   0.0 |  1060
           D:9 |       0 |    4640 |   0.0 |       0 |      93 |   0.0 |   857
        Lair:1 |       0 |    4391 |   0.0 |       0 |      18 |   0.0 |   759
        Lair:2 |       0 |    7957 |   0.0 |       0 |      21 |   0.0 |   638
        Lair:3 |       0 |    2866 |   0.0 |       0 |      15 |   0.0 |   687
        Lair:4 |       0 |    8205 |   0.0 |       0 |      31 |   0.0 |   829
        Lair:5 |       0 |    3062 |   0.0 |       0 |      10 |   0.0 |   423
        Lair:6 |       0 |    2499 |   0.0 |       0 |       5 |   0.0 |    59
         Orc:1 |       0 |    6241 |   0.0 |       0 |      60 |   0.0 |   637
         Orc:2 |       0 |   13683 |   0.0 |       0 |      63 |   0.0 |   883
           Lab |       0 |    1314 |   0.0 |       0 |       1 |   0.0 |   266
         Sewer |       0 |     272 |   0.0 |       0 |      22 |   0.0 |   309
        Bailey |       0 |    2222 |   0.0 |       0 |      26 |   0.0 |   453
               +---------+---------+-------+---------+---------+-------+---------
